 Dungeon Crawl Stone Soup version 0.29-a0-542-g075992c915 (webtiles) character file.

Game seed: 2419064834418888873

639 nobbins the Stinger (level 7, -3/52 HPs)
             Began as a Purple Draconian Venom Mage on June 4, 2022.
             Slain by an ice beast (12 damage)
             ... on level 6 of the Dungeon.
             The game lasted 00:33:10 (3357 turns).

nobbins the Stinger (Purple Draconian Venom Mage)   Turns: 3357, Time: 00:33:11

Health: -3/52      AC:  7    Str: 10    XL:     7   Next: 26%
Magic:  0/13       EV: 12    Int: 17    God:
Gold:   210        SH:  0    Dex: 12    Spells: 7/15 levels left

rFire   . . .      SeeInvis .   e - +2 short sword (freeze)
rCold   . . .      Faith    .   (no shield)
rNeg    . . .      Spirit   .   (body armour unavailable)
rPois   .          Reflect  .   (helmet restricted)
rElec   .          Harm     .   g - +0 cloak
rCorr   .          Rampage  .   (no gloves)
Will    +....                   (no boots)
Stlth   ++........              (no amulet)
HPRegen 0.17/turn               (no ring)
MPRegen 0.13/turn               (no ring)

@: slowed, very slow
A: breathe power, AC +6, unfitting armour, cold-blooded
a: Breathe Dispelling Energy


You were on level 6 of the Dungeon.
You visited 1 branch of the dungeon, and saw 6 of its levels.
You also visited: Sewer.

You collected 210 gold pieces.

Inventory:

Hand Weapons
 c - a +0 club
 e - a +2 short sword of freezing (weapon)
 z - a +4 dagger
Missiles
 d - 102 stones
 f - 15 poisoned darts
Armour
 g - a +0 cloak (worn)
 q - a +0 ring mail
 v - a +0 helmet
Wands
 o - a wand of polymorph (10)
 w - a wand of charming (15)
 x - a wand of mindburst (12)
Scrolls
 b - 6 scrolls of identify {unknown}
 i - a scroll of poison {unknown}
 j - a scroll of fear {unknown}
 n - 3 scrolls of teleportation {unknown}
 r - a scroll of brand weapon {unknown}
 t - 3 scrolls of enchant armour {unknown}
 u - a scroll of vulnerability {unknown}
Potions
 a - 2 potions of curing
 h - a potion of flight {unknown}
 k - a potion of heal wounds {unknown}
 l - a potion of attraction {unknown}
 m - a potion of ambrosia {unknown}
 p - a potion of lignification {unknown}
 s - 2 potions of degeneration {unknown}
Miscellaneous
 y - a tin of tremorstones (2/2)


   Skills:
 + Level 1.6 Fighting
 + Level 2.5 Short Blades
 + Level 2.9 Dodging
 + Level 2.2 Stealth
 + Level 4.6 Spellcasting
 + Level 0.8 Summonings
 + Level 2.7 Transmutations
 + Level 0.1 Air Magic
 + Level 5.3 Poison Magic


You had 7 spell levels left.
You knew the following spells:

 Your Spells              Type           Power      Damage    Failure   Level
a - Sting                 Tmut/Pois      68%        1d6       2%          1
b - Olgreb's Toxic Radia  Pois           22%        N/A       17%         4
c - Poisonous Vapours     Pois/Air       26%        N/A       8%          2
d - Summon Small Mammal   Summ           24%        N/A       11%         1

Your spell library contained the following spells:

 Spells                   Type           Power      Damage    Failure   Level
 Mephitic Cloud           Conj/Pois/Air  10%        N/A       22%         3
 Call Canine Familiar     Summ           6%         N/A       32%         3
 Summon Guardian Golem    Hex/Summ       5%         N/A       36%         3


Dungeon Overview and Level Annotations

Branches:
Dungeon (6/15)              Sewer (visited)
 Temple: D:4-7

Altars:


Innate Abilities, Weirdness & Mutations

You can breathe bolts of dispelling energy.
Your rich purple scales are hard. (AC +6)
You cannot fit into any form of body armour.
You are cold-blooded and may be slowed by cold attacks.


Message History

Casting: Sting (safe; 3% risk of failure)
Confirm with . or Enter, or press ? or * to list all spells.
Aiming: Sting (safe; 3% risk of failure)
Press: ? - help, Shift-Dir - straight line, f/p - ogre
Aim: an ogre, wielding a +0 giant spiked club (almost dead, extremely poisoned, 88% to hit)
The sting hits the ogre.
The ogre looks as sick as possible!
The ogre is almost dead.
You kill the ogre!
Casting: Sting (safe; 2% risk of failure)
Confirm with . or Enter, or press ? or * to list all spells.
Aiming: Sting (safe; 2% risk of failure)
Press: ? - help, Shift-Dir - straight line, f - ice beast
Aim: an ice beast (74% to hit)
The sting hits the ice beast.
The ice beast partially resists.
The ice beast is lightly wounded.
The ice beast closely misses you.
Casting: Sting (safe; 2% risk of failure)
Confirm with . or Enter, or press ? or * to list all spells.
Aiming: Sting (safe; 2% risk of failure)
Press: ? - help, Shift-Dir - straight line, f/p - ice beast
Aim: an ice beast (lightly wounded, 74% to hit)
The sting hits the ice beast.
The ice beast is poisoned.
The ice beast is lightly wounded.
The ice beast closely misses you.
Casting: Sting (safe; 2% risk of failure)
Confirm with . or Enter, or press ? or * to list all spells.
Aiming: Sting (safe; 2% risk of failure)
Press: ? - help, Shift-Dir - straight line, f/p - ice beast
Aim: an ice beast (lightly wounded, poisoned, 74% to hit)
The sting misses the ice beast.
The ice beast hits you but does no damage.
Casting: Sting (safe; 2% risk of failure)
Confirm with . or Enter, or press ? or * to list all spells.
You don't have enough magic to cast this spell.
You closely miss the ice beast.
The ice beast is lightly wounded.
The ice beast hits you.
* * * LOW HITPOINT WARNING * * *
The ice beast freezes you!
You feel yourself slow down.
You die...

#### #..
#######.####.##..
.........<.......
########.#..#..#.#
#.....##.#.....#
#.###.##.#.##.## #.#
#.##.#.. .# #@#
#....### # #
#####Y######.......
#.#......#####.######
#>.....)........
###....).#.....##
#....).#.#####
#......# . #.....†# #
#.............


You could see an ice beast (poisoned).

Vanquished Creatures
  An ogre (D:6)
  3 bullfrogs
  A gnoll shaman (D:4)
  An orc priest (D:4)
  2 iguanas (D:5)
  5 gnolls (D:4)
  9 adders
  A shadow imp (D:6)
  An ufetubus (D:3)
  4 worms
  A dart slug (D:4)
  2 orcs
  3 bats
  5 endoplasms
  6 giant cockroaches
  5 goblins
  7 hobgoblins
  2 jackals (D:3)
  6 quokkas
  13 ball pythons
  12 frilled lizards (Sewer)
  9 kobolds
  7 rats
106 creatures vanquished.

Vanquished Creatures (collateral kills)
  2 ball pythons
  A hobgoblin (D:4)
  A frilled lizard (Sewer)
4 creatures vanquished.

Vanquished Creatures (others)
  An orc (D:4)
  A fungus (D:2)
2 creatures vanquished.

Grand Total: 112 creatures vanquished

Notes
Turn   | Place    | Note
-------+----------+-------------------------------------------
     0 | D:1      | nobbins the Draconian Venom Mage began the quest for the
                  | Orb.
     0 | D:1      | Reached XP level 1. HP: 14/14 MP: 3/3
   306 | D:2      | Reached XP level 2. HP: 20/20 MP: 5/5
   446 | D:2      | Reached skill level 4 in Poison Magic
   446 | D:2      | Reached XP level 3. HP: 26/26 MP: 2/6
   596 | D:2      | Found a faded altar of an unknown god.
  1107 | D:4      | Reached XP level 4. HP: 21/33 MP: 7/7
  1143 | D:4      | Reached skill level 1 in Short Blades
  1173 | D:4      | Reached XP level 5. HP: 7/39 MP: 4/8
  1531 | D:4      | Learned a level 4 spell: Olgreb's Toxic Radiance
  1534 | D:4      | Learned a level 2 spell: Poisonous Vapours
  1536 | D:4      | Learned a level 1 spell: Summon Small Mammal
  2145 | D:5      | Entered Level 5 of the Dungeon
  2154 | D:5      | Reached skill level 1 in Fighting
  2256 | D:5      | Found a glowing drain.
  2271 | D:5      | HP: 2/40 [iguana (9)]
  2299 | D:5      | Reached XP level 6. HP: 7/47 MP: 8/10
  2385 | Sewer    | Entered a sewer
  2922 | Sewer    | Reached skill level 5 in Poison Magic
  3318 | D:6      | Your scales start taking on a rich purple colour.
  3318 | D:6      | Reached XP level 7. HP: 42/52 MP: 8/13
  3357 | D:6      | Slain by an ice beast

Illustrated notes

Levels and vault maps discovered:
D:1:      dpeg_arrival_subterranean_lakeside_camping, layout_basic,
          wad_floor_pattern_1
D:2:      layout_basic, dreamdust_ecumenical_altar_hidden_monk_grotto
D:3:      layout_basic, chequers_decorated_corner
D:4:      layout_rooms, st_stairs_10, dreamdust_princess_bridge,
          lemuel_flame_loot_1
D:5:      layout_basic, minmay_temple_entry_stoned_glass,
          cheibrodos_sewer_entry_sluice, uniq_grinder
D:6:      cheibrodos_helix_gallery, layout_basic, kennysheep_path_1

Skill      XL: |  1  2  3  4  5  6 |
---------------+-------------------+-----
Poison Magic   | 4 5 |  5.3
Dodging        | 2 |  2.9
Short Blades   | 1 2 |  2.5
Stealth        | 2 |  2.2
Transmutations | 2 |  2.7
Fighting       | 1 |  1.6
Spellcasting   | 3 4 |  4.6
Summonings     | |  0.8
Air Magic      | |  0.1

Action                   |  1- 3 |  4- 6 |  7- 9 || total
-------------------------+-------+-------+-------++-------
Melee: Unarmed           |    11 |       |       ||    11
       Short sword       |    54 |   113 |    17 ||   184
       Club              |     4 |       |       ||     4
       Tailslap          |    10 |    19 |     2 ||    31
       Punch             |       |     1 |       ||     1
 Cast: Sting             |    30 |    61 |     6 ||    97
       Summon Small Mamm |       |     9 |     3 ||    12
       Olgreb's Toxic Ra |       |     4 |     1 ||     5
       Poisonous Vapours |       |     2 |       ||     2
  Use: Scroll            |     2 |     2 |       ||     4
       Potion            |       |     3 |       ||     3
 Stab: Sleeping          |     4 |       |       ||     4
       Distracted        |       |     1 |       ||     1
Armor: Skin              |    21 |    40 |     6 ||    67
Dodge: Dodged            |    36 |    95 |    13 ||   144

Table legend: (Time is in decaauts)
 A = Elapsed time spent in this place.
 B = Non-inter-level travel time spent in this place.
 C = Inter-level travel time spent in this place.
 D = Time resting spent in this place.
 E = Time spent auto-exploring this place.
 F = Levels seen in this place.
 G = Mean time per level.
                   A        B        C        D        E       F      G
               +--------+--------+--------+--------+--------+-----+--------+
         Total |   3403 |   3403 |      0 |   1049 |    734 |   7 |  486.1 |
       Dungeon |   2508 |   2508 |      0 |    509 |    672 |   6 |  418.0 |
         Sewer |    895 |    895 |      0 |    540 |     62 |   1 |  895.0 |
               +--------+--------+--------+--------+--------+-----+--------+

Top non-repeatable levels by time:
   Sewer: 895 daAuts
     D:4: 881 daAuts
     D:2: 514 daAuts
     D:3: 452 daAuts
     D:1: 302 daAuts
     D:5: 293 daAuts
     D:6: 63 daAuts
